 Dungeon Crawl Stone Soup version 0.18.1-50-g88ac8fd (webtiles) character file.

2445 magog001 the Shield-Bearer (level 9, -1/75 HPs)
             Began as a Minotaur Fighter on Jan 7, 2017.
             Slain by an orc knight
             ... wielding a +0 war axe of flaming
              (22 damage)
             ... in a bailey.
             The game lasted 00:54:10 (7086 turns).

magog001 the Shield-Bearer (Minotaur Fighter)       Turns: 7086, Time: 00:54:11

Health: -1/75      AC: 11    Str: 24    XL:     9   Next: 25%
Magic:  8/8        EV: 12    Int:  5    God:
Gold:   369        SH:  0    Dex: 13    Spells: 0 memorised, 8 levels left

rFire  . . .     SeeInvis .     H - +2 halberd (venom)
rCold  . . .     Gourm    .     b - +0 scale mail
rNeg   . . .     Faith    .     (shield currently unavailable)
rPois  .         Spirit   .     (helmet restricted)
rElec  .         Dismiss  .     t - +2 cloak
rCorr  .         Reflect  .     (no gloves)
SustAt .         Harm     .     (no boots)
MR     .....                    (no amulet)
Stlth  ..........               y - +3 ring of dexterity
                                l - +2 ring of slaying

@: not resistant to hostile enchantments, extremely unstealthy
A: retaliatory headbutt, horns 2
a: no special abilities


You were in a bailey.
You were not hungry.

You visited 1 branch of the dungeon, and saw 7 of its levels.
You also visited: Bailey.

You collected 369 gold pieces.

Inventory:

Hand Weapons
 a - a +1 war axe
 d - the +2 quarterstaff of the Eggplant {freeze, rElec rF+ Dex+2}
   (You found it on level 6 of the Dungeon)

   It has been specially enchanted to freeze those struck by it, causing extra
   injury to most foes and up to half again as much damage against particularly
   susceptible opponents.
   It can also slow down cold-blooded creatures.
   It affects your dexterity (+2).
   It protects you from fire.
   It insulates you from electricity.
 B - the +3 hunting sling "Punoer" {flame, rPois Stlth+}
   (You found it on level 5 of the Dungeon)

   It causes projectiles fired from it to burn those they strike, causing extra
   injury to most foes and up to half again as much damage against particularly
   susceptible opponents.
   It protects you from poison.
   It makes you more stealthy.
 H - a +2 halberd of venom (weapon)
 K - a +0 flail of protection
Missiles
 o - 50 tomahawks of returning
 q - 31 poisoned needles
 C - 88 stones
 J - 3 tomahawks (quivered)
 M - 31 sling bullets
Armour
 b - a +0 scale mail (worn)
 c - a +0 shield
 t - a +2 cloak (worn)
Rods
 v - a -2 rod of ignition (9/9)
   (You found it on level 3 of the Dungeon)
Jewellery
 l - a +2 ring of slaying (left hand)
 y - a +3 ring of dexterity (right hand)
Scrolls
 e - 2 scrolls of fog
 h - 8 scrolls of remove curse
 k - a scroll of teleportation
 p - 2 scrolls of noise
 G - 2 scrolls of enchant weapon
 I - a scroll of blinking
Potions
 g - a potion of lignification {unknown}
 i - a potion of cure mutation {unknown}
 j - 3 potions of agility
 m - 3 potions of curing
 n - 2 potions of heal wounds {unknown}
 s - 3 potions of haste
 u - a potion of berserk rage {unknown}
 w - a potion of mutation {unknown}
 z - 2 potions of flight
 F - 2 potions of beneficial mutation {unknown}
Comestibles
 f - 3 bread rations
 x - 5 fruits
 D - 2 meat rations
 E - 17 chunks of flesh
 L - a beef jerky


   Skills:
 + Level 6.1 Fighting
 + Level 7.0 Axes
 + Level 0.2(4.3) Polearms
 * Level 4.6(4.7) Slings
 + Level 0.6(2.6) Throwing
 + Level 7.1 Armour
 + Level 5.3 Dodging
 + Level 1.5 Stealth
 + Level 7.6 Shields


You had 8 spell levels left.
You didn't know any spells.

Dungeon Overview and Level Annotations

Branches:
Dungeon (7/15)             Temple (0/1) D:4

Altars:
Pakellas
Zin


Innate Abilities, Weirdness & Mutations

You reflexively headbutt those who attack you in melee.
You have a pair of horns on your head.


Message History

Your scale mail prevents you from hitting the orc knight.
The orc knight is moderately wounded.
The orc knight hits you but does no damage.
The kobold drinks a potion.
The kobold seems to grow stronger.
You slice the orc knight!!
The orc knight is poisoned.
The orc knight is heavily wounded.
The orc knight hits you with a war axe of flaming!
The orc knight burns you.
* * * LOW HITPOINT WARNING * * *
You slash the orc knight!
You headbutt the orc knight, but do no damage.
The orc knight is severely wounded.
The orc knight hits you with a war axe of flaming!
* * * LOW HITPOINT WARNING * * *
The orc knight burns you.
* * * LOW HITPOINT WARNING * * *
Drink which item? (? for menu, Esc to quit)
You feel better.
The orc knight hits you with a war axe of flaming!!
You die...

##### ### ###
#o@!###.###.#
#K###)##'##'##
.g# ##(.(..##
....
###.....###
'..⌠.
#.'..⌠..'.#
#....g
###.....###
#...go#
##....)## '##'
#g###'##'##'##
#g#.###.###)#


You could see an orc knight, a gnoll and a kobold.

Vanquished Creatures
  Grinder (D:6)
  An ice beast (D:5)
  An orc warrior (D:6)
  2 phantoms
  4 ogres
  A giant frog (D:6)
  2 scorpions
  3 howler monkeys
  The ghost of Khalor the Chiller, a weakling OpIE (D:3)
  2 crimson imps
  A jelly (D:6)
  A giant frog skeleton (D:5)
  A gnoll shaman (D:6)
  3 orc priests
  A centaur skeleton (D:4)
  3 orc wizards (D:6)
  An iguana (D:4)
  3 worker ants
  A hound skeleton (D:5)
  42 gnolls
  A howler monkey skeleton (D:4)
  14 adders
  2 shadow imps
  An adder skeleton (D:6)
  A dart slug (D:2)
  4 giant geckos
  25 orcs
  5 bats
  3 giant cockroaches
  11 goblins
  14 hobgoblins
  28 jackals
  22 kobolds
  3 quokkas
  3 ball pythons
  3 giant newts
  2 jackal zombies
  6 rats
223 creatures vanquished.

Notes
Turn   | Place    | Note
--------------------------------------------------------------
     0 | D:1      | magog001 the Minotaur Fighter began the quest for the Orb.
     0 | D:1      | Reached XP level 1. HP: 19/19 MP: 0/0
   277 | D:1      | Reached XP level 2. HP: 27/27 MP: 1/1
   884 | D:2      | Reached XP level 3. HP: 28/33 MP: 2/2
   995 | D:2      | Reached skill level 1 in Dodging
  1224 | D:2      | Reached XP level 4. HP: 33/40 MP: 3/3
  2060 | D:3      | Reached XP level 5. HP: 44/46 MP: 4/4
  2063 | D:3      | Reached skill level 5 in Shields
  2160 | D:3      | Noticed Khalor's ghost (weakling OpIE)
  2182 | D:3      | Killed Khalor's ghost
  2189 | D:3      | Identified a -2 rod of ignition (9/9) (You found it on level 3 of the Dungeon)
  2453 | D:3      | Noticed a phantom
  2478 | D:3      | Killed a phantom
  2478 | D:3      | Reached XP level 6. HP: 38/53 MP: 5/5
  2829 | D:3      | Reached skill level 5 in Armour
  3102 | D:4      | Found an oddly glowing altar of Pakellas.
  3139 | D:4      | Found a glowing silver altar of Zin.
  3250 | D:4      | Found a staircase to the Ecumenical Temple.
  3503 | D:4      | Reached XP level 7. HP: 60/60 MP: 6/6
  3722 | D:4      | Reached skill level 5 in Fighting
  3722 | D:4      | Reached skill level 1 in Stealth
  3731 | D:5      | Entered Level 5 of the Dungeon
  3999 | D:5      | Reached skill level 5 in Axes
  4553 | D:5      | Got a bloodstained hunting sling
  4575 | D:5      | Identified the +3 hunting sling "Punoer" {flame, rPois Stlth+} (You found it on level 5 of the Dungeon)
  5016 | D:6      | Reached XP level 8. HP: 66/68 MP: 7/7
  5322 | D:6      | Noticed Grinder
  5410 | D:6      | Paralysed by Grinder for 2 turns
  5415 | D:6      | Paralysed by Grinder for 2 turns
  5419 | D:6      | Killed Grinder
  5419 | D:6      | Reached skill level 5 in Dodging
  5511 | D:6      | Got a dazzling quarterstaff
  5722 | D:6      | Reached skill level 1 in Slings
  5757 | D:6      | Reached XP level 9. HP: 75/75 MP: 8/8
  6779 | D:6      | Identified the cursed +2 quarterstaff of the Eggplant {freeze, rElec rF+ Dex+2} (You found it on level 6 of the Dungeon)
  6815 | D:7      | Found a flagged portal.
  6835 | Bailey   | Entered a bailey
  6970 | Bailey   | Noticed an orc knight
  7086 | Bailey   | Slain by an orc knight

Skill      XL: |  1  2  3  4  5  6  7  8  9 |
---------------+----------------------------+-----
Fighting       | 4 5 6 |  6.1
Shields        | 4 5 6 7 |  7.6
Armour         | 4 5 6 7 |  7.1
Dodging        | 1 2 3 4 5 |  5.3
Axes           | 3 4 5 7 |  7.0
Stealth        | 1 |  1.5
Slings         | 2 4 |  4.6
Polearms       | |  0.2
Throwing       | |  0.6

Action                   |  1- 3 |  4- 6 |  7- 9 || total
-------------------------+-------+-------+-------++-------
Melee: War axe           |    95 |   120 |   146 ||   361
       Headbutt          |    10 |    11 |    30 ||    51
       Halberd           |       |       |    43 ||    43
 Fire: Hunting sling     |       |       |   177 ||   177
Throw: Tomahawk          |       |       |     4 ||     4
  Use: Scroll            |       |     8 |     8 ||    16
       Potion            |       |     2 |     3 ||     5
  Eat: Chunk             |     1 |     5 |     5 ||    11
       Fruit             |       |     1 |     1 ||     2
       Pizza             |       |     1 |       ||     1
       Bread ration      |       |       |     1 ||     1
       Beef jerky        |       |       |     1 ||     1
Armor: Scale mail        |    34 |    51 |    90 ||   175
Dodge: Dodged            |    25 |    43 |   139 ||   207
Block: Shield            |    62 |    56 |   118 ||   236
